TOP OF THE 1ST |
Johnson City Cardinals batting - Pitching for Danville Braves : RHP Jesus Hernandez
|
Pitching: RHP Jesus Hernandez
|
|
Batting: RHB Mario Carbajal
|
0-0: Called Strike 0-1: Ball 1-1: Ball 2-1: Ball 3-1: Ground out 4-3 (Groundball, 4M, EV 110.0 MPH)
|
Batting: RHB Diego Herrera
|
0-0: Ball 1-0: Ball 2-0: Called Strike 2-1: DOUBLE (Line Drive, 89D, EV 111.2 MPH)
|
Batting: SHB J.T. Ready
|
0-0: Ball 1-0: Ball 2-0: Foul Ball, location: 2F 2-1: Ball Passed Ball! Diego Herrera to third 3-1: Swinging Strike 3-2: Foul Ball, location: 2F 3-2: Strikes out looking
|
Batting: RHB Matt McGuire
|
0-0: Ground out 5-3 (Groundball, 56S, EV 95.0 MPH)
|
Top of the 1st over - 0 runs, 1 hit, 0 errors, 1 left on base; Johnson City 0 - Danville 0 |
BOTTOM OF THE 1ST |
Danville Braves batting - Pitching for Johnson City Cardinals : LHP J.T. Ready
|
Pitching: LHP J.T. Ready
|
|
Batting: RHB Danny Dimas
|
0-0: SINGLE (Line Drive, 89M, EV 98.1 MPH)
|
Batting: RHB Vicente Guillen
|
0-0: Ball 1-0: Called Strike 1-1: Ball 2-1: Ball Wild Pitch! Danny Dimas to second 3-1: SINGLE (Groundball, 6S, EV 72.5 MPH) (infield hit) Danny Dimas to third
|
Batting: RHB Paul Holland
|
0-0: Foul Ball, location: 2F 0-1: Ball 1-1: Called Strike 1-2: Ball 2-2: Strikes out looking
|
Batting: RHB Ricardo Joya
|
0-0: Called Strike 0-1: Reached on error, E3 (Groundball, 23, EV 76.9 MPH) Danny Dimas scores Vicente Guillen to second
|
Batting: RHB Roman Lauder
|
0-0: Ball 1-0: Ball 2-0: Called Strike 2-1: Swinging Strike 2-2: Strikes out swinging
|
Batting: RHB Alex Guerra
|
0-0: Ball 1-0: Called Strike 1-1: Ball Wild Pitch! Vicente Guillen to third Ricardo Joya to second 2-1: Called Strike Passed Ball! Vicente Guillen scores Ricardo Joya to third 2-2: Ball 3-2: Foul Ball, location: 2F 3-2: Foul Ball, location: 2F 3-2: Ground out 5-3 (Groundball, 56S, EV 67.5 MPH)
|
Bottom of the 1st over - 2 runs, 2 hits, 1 error, 1 left on base; Johnson City 0 - Danville 2 |
TOP OF THE 2ND |
Johnson City Cardinals batting - Pitching for Danville Braves : RHP Jesus Hernandez
|
Batting: LHB Rafael Banda
|
0-0: Ball 1-0: Ball 2-0: Ball 3-0: Base on Balls
|
Batting: SHB Brad Meyer
|
0-0: Called Strike 0-1: Foul Ball, location: 2F 0-2: Strikes out swinging
|
Batting: RHB Dan Wages
|
0-0: Ground out 6-3 (Groundball, P, EV 90.6 MPH) Rafael Banda to second
|
Batting: SHB Felipe Campanella
|
0-0: Ball 1-0: Ball 2-0: Foul Ball, location: 2F 2-1: Ground out 4-3 (Groundball, 4, EV 88.1 MPH)
|
Top of the 2nd over - 0 runs, 0 hits, 0 errors, 1 left on base; Johnson City 0 - Danville 2 |
BOTTOM OF THE 2ND |
Danville Braves batting - Pitching for Johnson City Cardinals : LHP J.T. Ready
|
Batting: RHB Bart Stevensdick
|
0-0: Ball 1-0: Called Strike 1-1: Foul Ball, location: 2F 1-2: Ball 2-2: Ground out 4-3 (Groundball, 4, EV 99.4 MPH)
|
Batting: RHB Aaron Sartini
|
0-0: Ball 1-0: Ball 2-0: Swinging Strike 2-1: Swinging Strike 2-2: Foul Ball, location: 2F 2-2: Ball 3-2: Strikes out looking
|
Batting: RHB Chad Starnes
|
0-0: Ball 1-0: Fly out, F7 (Flyball, 78S, EV 77.5 MPH)
|
Bottom of the 2nd over - 0 runs, 0 hits, 0 errors, 0 left on base; Johnson City 0 - Danville 2 |
TOP OF THE 3RD |
Johnson City Cardinals batting - Pitching for Danville Braves : RHP Jesus Hernandez
|
Batting: RHB Oscar Higareda
|
0-0: Called Strike 0-1: Ball 1-1: Foul Ball, location: 2F 1-2: Ball 2-2: Ground out 5-3 (Groundball, 56S, EV 65.6 MPH)
|
Batting: RHB Mario Carbajal
|
0-0: Called Strike 0-1: Ball 1-1: Foul Ball, location: 2F 1-2: SINGLE (Line Drive, 4M, EV 96.2 MPH)
|
Batting: RHB Diego Herrera
|
0-0: Ball Wild Pitch! Mario Carbajal to second 1-0: Ground out 5-3 (Groundball, 5, EV 81.2 MPH)
|
Batting: SHB J.T. Ready
|
0-0: Ball 1-0: Fly out, F8 (Flyball, 8LM, EV 82.5 MPH)
|
Top of the 3rd over - 0 runs, 1 hit, 0 errors, 1 left on base; Johnson City 0 - Danville 2 |
BOTTOM OF THE 3RD |
Danville Braves batting - Pitching for Johnson City Cardinals : LHP J.T. Ready
|
Batting: RHB Danny Dimas
|
0-0: Ball 1-0: Swinging Strike 1-1: Foul Ball, location: 2F 1-2: Ball 2-2: Ball 3-2: Strikes out swinging
|
Batting: RHB Vicente Guillen
|
0-0: Ball 1-0: Fly out, F9 (Flyball, 9LM, EV 89.4 MPH)
|
Batting: RHB Paul Holland
|
0-0: Reached on error, E6 (Groundball, 6, EV 100.6 MPH)
|
Batting: RHB Ricardo Joya
|
0-0: Ball 1-0: Swinging Strike 1-1: Swinging Strike 1-2: Strikes out swinging
|
Bottom of the 3rd over - 0 runs, 0 hits, 1 error, 1 left on base; Johnson City 0 - Danville 2 |
TOP OF THE 4TH |
Johnson City Cardinals batting - Pitching for Danville Braves : RHP Jesus Hernandez
|
Batting: RHB Matt McGuire
|
0-0: Ball 1-0: Called Strike 1-1: Ball 2-1: Ball 3-1: Ground out 4-3 (Groundball, 4D, EV 101.9 MPH)
|
Batting: LHB Rafael Banda
|
0-0: DOUBLE (Line Drive, 7LD, EV 101.2 MPH)
|
Batting: SHB Brad Meyer
|
0-0: Called Strike 0-1: Ball 1-1: Ball 2-1: Called Strike 2-2: Strikes out swinging
|
Batting: RHB Dan Wages
|
0-0: Called Strike 0-1: Ball 1-1: Foul Ball, location: 2F 1-2: Ball 2-2: Fly out, F2 (Popup, 2LF, EV 92.5 MPH)
|
Top of the 4th over - 0 runs, 1 hit, 0 errors, 1 left on base; Johnson City 0 - Danville 2 |
BOTTOM OF THE 4TH |
Danville Braves batting - Pitching for Johnson City Cardinals : LHP J.T. Ready
|
Batting: RHB Roman Lauder
|
0-0: Ball 1-0: Ball 2-0: Ball 3-0: Called Strike 3-1: Base on Balls
|
Batting: RHB Alex Guerra
|
0-0: Ball Wild Pitch! Roman Lauder to second 1-0: Ground out 6-3 (Groundball, 6, EV 100.6 MPH)
|
Batting: RHB Bart Stevensdick
|
0-0: Swinging Strike 0-1: Ball 1-1: Called Strike 1-2: Ball Passed Ball! Roman Lauder to third 2-2: Ball Passed Ball! Roman Lauder scores 3-2: Strikes out swinging
|
Batting: RHB Aaron Sartini
|
0-0: Called Strike 0-1: Reached on error, E3 (Groundball, 3L, EV 99.4 MPH)
|
Batting: RHB Chad Starnes
|
0-0: Called Strike Aaron Sartini steals 2nd base 0-1: Ball 1-1: Foul Ball, location: 2F 1-2: Ball Wild Pitch! Aaron Sartini to third 2-2: Foul Ball, location: 2F 2-2: Foul Ball, location: 2F 2-2: Ground out 6-3 (Groundball, 6, EV 80.6 MPH)
|
Bottom of the 4th over - 1 run, 0 hits, 1 error, 1 left on base; Johnson City 0 - Danville 3 |
TOP OF THE 5TH |
Johnson City Cardinals batting - Pitching for Danville Braves : RHP Jesus Hernandez
|
Batting: SHB Felipe Campanella
|
0-0: Ball 1-0: Called Strike 1-1: SINGLE (Groundball, 56D, EV 107.5 MPH)
|
Batting: RHB Oscar Higareda
|
0-0: Ball 1-0: Foul Ball, location: 2F 1-1: Called Strike Felipe Campanella steals 2nd base 1-2: Ball 2-2: Foul Ball, location: 2F 2-2: Strikes out swinging
|
Batting: RHB Mario Carbajal
|
0-0: Called Strike 0-1: Foul Ball, location: 2F 0-2: Ball 1-2: 2-RUN HOME RUN (Flyball, 7D, EV 98.1 MPH), Distance : 360 ft
|
Batting: RHB Diego Herrera
|
0-0: Called Strike 0-1: Ball 1-1: Ball 2-1: Ground out U3 (Groundball, 34, EV 106.9 MPH)
|
Batting: SHB J.T. Ready
|
0-0: Swinging Strike 0-1: Foul Ball, location: 2F 0-2: SOLO HOME RUN (Flyball, 78XD, EV 96.2 MPH), Distance : 365 ft
|
Batting: RHB Matt McGuire
|
0-0: Ball 1-0: Ball 2-0: Called Strike 2-1: Ball 3-1: Foul Ball, location: 2F 3-2: SINGLE (Groundball, 6D, EV 95.6 MPH)
|
Batting: LHB Rafael Banda
|
0-0: Swinging Strike 0-1: 2-RUN HOME RUN (Flyball, 89XD, EV 96.2 MPH), Distance : 388 ft
|
Pitching: RHP Aaron Frey
|
|
Batting: SHB Brad Meyer
|
0-0: Called Strike 0-1: Ground out 1-3 (Groundball, 13S, EV 75.0 MPH)
|
Top of the 5th over - 5 runs, 5 hits, 0 errors, 0 left on base; Johnson City 5 - Danville 3 |
BOTTOM OF THE 5TH |
Danville Braves batting - Pitching for Johnson City Cardinals : LHP J.T. Ready
|
Batting: RHB Danny Dimas
|
0-0: Ball 1-0: Called Strike 1-1: Swinging Strike 1-2: Ground out U3 (Groundball, 3, EV 102.5 MPH)
|
Batting: RHB Vicente Guillen
|
0-0: Fly out, F4 (Flyball, 34D, EV 91.9 MPH)
|
Batting: RHB Paul Holland
|
0-0: Ground out 5-3 (Groundball, 56S, EV 86.2 MPH)
|
Bottom of the 5th over - 0 runs, 0 hits, 0 errors, 0 left on base; Johnson City 5 - Danville 3 |
TOP OF THE 6TH |
Johnson City Cardinals batting - Pitching for Danville Braves : RHP Aaron Frey
|
Batting: RHB Dan Wages
|
0-0: DOUBLE (Line Drive, 89D, EV 109.4 MPH)
|
Batting: SHB Felipe Campanella
|
0-0: Intentional Walk
|
Batting: RHB Oscar Higareda
|
0-0: Called Strike 0-1: Foul Ball, location: 2F 0-2: SINGLE (Line Drive, 5D, EV 98.8 MPH) Dan Wages to third Felipe Campanella to second Runner from 3rd tries for Home, SAFE, throw by LF to home
|
Batting: RHB Mario Carbajal
|
0-0: Called Strike 0-1: Foul Ball, location: 2F 0-2: Reached on error, E5 (Groundball, 56S, EV 80.0 MPH) Felipe Campanella to third Oscar Higareda to second
|
Batting: RHB Diego Herrera
|
0-0: Foul Ball, location: 2F 0-1: Called Strike 0-2: Ball 1-2: Fly out, F7 (Flyball, 78M, EV 89.4 MPH)
|
Batting: SHB J.T. Ready
|
0-0: Ball 1-0: Called Strike 1-1: Ball 2-1: SINGLE (Groundball, 6D, EV 102.5 MPH) Felipe Campanella scores Oscar Higareda to third Mario Carbajal to second Runner from 3rd tries for Home, SAFE, throw by CF to home
|
Batting: RHB Matt McGuire
|
0-0: Foul Ball, location: 2F 0-1: Ball 1-1: Foul Ball, location: 2F 1-2: Ball 2-2: Ball 3-2: Base on Balls Mario Carbajal to third J.T. Ready to second
|
Pitching: LHP Jimmy Bolton
|
|
Batting: LHB Rafael Banda
|
0-0: Ball 1-0: Called Strike 1-1: Ball 2-1: Called Strike 2-2: Foul Ball, location: 2F 2-2: Ball 3-2: Foul Ball, location: 2F 3-2: Strikes out looking
|
Batting: SHB Brad Meyer
|
0-0: Ball 1-0: Called Strike 1-1: Ball 2-1: Fly out, F9 (Line Drive, 89M, EV 90.0 MPH)
|
Top of the 6th over - 3 runs, 3 hits, 1 error, 3 left on base; Johnson City 8 - Danville 3 |
BOTTOM OF THE 6TH |
Danville Braves batting - Pitching for Johnson City Cardinals : LHP J.T. Ready
|
Pitching: RHP Ryan Zart
|
|
Batting: RHB Ricardo Joya
|
0-0: Fly out, F4 (Popup, 4, EV 54.4 MPH)
|
Batting: RHB Roman Lauder
|
0-0: SINGLE (Groundball, 3S, EV 98.1 MPH)
|
Batting: RHB Alex Guerra
|
0-0: Foul Ball, location: 2F 0-1: Foul Ball, location: 2F 0-2: Ground out 4-3 (Groundball, 34, EV 110.0 MPH) Roman Lauder to second
|
Batting: RHB Bart Stevensdick
|
0-0: Ball Wild Pitch! Roman Lauder to third 1-0: Called Strike 1-1: Swinging Strike Passed Ball! Roman Lauder scores 1-2: Ball 2-2: Strikes out swinging
|
Bottom of the 6th over - 1 run, 1 hit, 0 errors, 0 left on base; Johnson City 8 - Danville 4 |
TOP OF THE 7TH |
Johnson City Cardinals batting - Pitching for Danville Braves : LHP Jimmy Bolton
|
Batting: RHB Dan Wages
|
0-0: Ball 1-0: Called Strike 1-1: Foul Ball, location: 2F 1-2: Foul Ball, location: 2F 1-2: Strikes out swinging, 2-3 out at first.
|
Batting: SHB Felipe Campanella
|
0-0: SOLO HOME RUN (Flyball, 7D, EV 96.2 MPH), Distance : 366 ft
|
Batting: RHB Oscar Higareda
|
0-0: Swinging Strike 0-1: Called Strike 0-2: Strikes out looking
|
Batting: RHB Mario Carbajal
|
0-0: Ball 1-0: Ball 2-0: Ball 3-0: Called Strike 3-1: Ground out 5-3 (Groundball, 56S, EV 88.1 MPH)
|
Top of the 7th over - 1 run, 1 hit, 0 errors, 0 left on base; Johnson City 9 - Danville 4 |
BOTTOM OF THE 7TH |
Danville Braves batting - Pitching for Johnson City Cardinals : RHP Ryan Zart
|
Batting: RHB Aaron Sartini
|
0-0: SINGLE (Groundball, 5S, EV 73.1 MPH) (infield hit)
|
Batting: RHB Chad Starnes
|
0-0: Called Strike Aaron Sartini steals 2nd base 0-1: Foul Ball, location: 2F 0-2: Ball 1-2: Ball 2-2: Foul Ball, location: 2F 2-2: Ball Passed Ball! Aaron Sartini to third 3-2: Strikes out swinging
|
Batting: RHB Danny Dimas
|
0-0: Ball 1-0: Ball Passed Ball! Aaron Sartini scores 2-0: Fly out, F4 (Line Drive, 4, EV 68.8 MPH)
|
Batting: RHB Vicente Guillen
|
0-0: Ball 1-0: Swinging Strike 1-1: Foul Ball, location: 2F 1-2: Ball 2-2: Foul Ball, location: 2F 2-2: Foul Ball, location: 2F 2-2: Foul Ball, location: 2F 2-2: Strikes out looking
|
Bottom of the 7th over - 1 run, 1 hit, 0 errors, 0 left on base; Johnson City 9 - Danville 5 |
TOP OF THE 8TH |
Johnson City Cardinals batting - Pitching for Danville Braves : LHP Jimmy Bolton
|
Batting: RHB Diego Herrera
|
0-0: Called Strike 0-1: Fly out, F9 (Flyball, 9LS, EV 97.5 MPH)
|
Batting: SHB J.T. Ready
|
0-0: Ball 1-0: Ball 2-0: Foul Ball, location: 2F 2-1: Ball 3-1: SINGLE (Line Drive, 89S, EV 107.5 MPH)
|
Batting: RHB Matt McGuire
|
0-0: Swinging Strike 0-1: Ball 1-1: Called Strike 1-2: Strikes out swinging
|
Batting: LHB Rafael Banda
|
0-0: Swinging Strike 0-1: Swinging Strike 0-2: Ball 1-2: Ball 2-2: Strikes out looking
|
Top of the 8th over - 0 runs, 1 hit, 0 errors, 1 left on base; Johnson City 9 - Danville 5 |
BOTTOM OF THE 8TH |
Danville Braves batting - Pitching for Johnson City Cardinals : RHP Ryan Zart
|
Batting: RHB Paul Holland
|
0-0: Ball 1-0: Called Strike 1-1: Called Strike 1-2: Ball 2-2: Ball 3-2: Strikes out swinging
|
Batting: RHB Ricardo Joya
|
0-0: Ball 1-0: Ball 2-0: SINGLE (Line Drive, 9LM, EV 103.8 MPH)
|
Batting: RHB Richard Saquic
|
0-0: Foul Ball, location: 2F 0-1: Ball 1-1: Foul Ball, location: 2F 1-2: Ball 2-2: Foul Ball, location: 2F 2-2: Foul Ball, location: 2F 2-2: Ball Wild Pitch! Ricardo Joya to second 3-2: Base on Balls
|
Pitching: RHP Joe Spencer
|
|
Pinch Hitting: RHB Rodolfo Cosme
|
0-0: Called Strike 0-1: Foul Ball, location: 2F 0-2: Ball 1-2: Strikes out swinging
|
Pinch Hitting: RHB Mennad Maalik
|
0-0: Swinging Strike 0-1: Ball 1-1: Ball 2-1: Ball Wild Pitch! Ricardo Joya to third Richard Saquic to second 3-1: Base on Balls
|
Pinch Hitting: RHB Jesus Diego
|
0-0: Foul Ball, location: 2F 0-1: Foul Ball, location: 2F 0-2: Ball 1-2: Strikes out swinging
|
Bottom of the 8th over - 0 runs, 1 hit, 0 errors, 3 left on base; Johnson City 9 - Danville 5 |
TOP OF THE 9TH |
Johnson City Cardinals batting - Pitching for Danville Braves : LHP Jimmy Bolton
|
Pitching: RHP Alex Rosales
|
|
Now at 2B: Paul Holland
|
|
Now at 3B: Rodolfo Cosme
|
|
Now in LF: Jesus Diego
|
|
Now in RF: Mennad Maalik
|
|
Batting: SHB Brad Meyer
|
0-0: Swinging Strike 0-1: Foul Ball, location: 2F 0-2: Foul Ball, location: 2F 0-2: Strikes out looking
|
Batting: RHB Dan Wages
|
0-0: Foul Ball, location: 2F 0-1: Called Strike 0-2: Ball 1-2: Strikes out swinging
|
Batting: SHB Felipe Campanella
|
0-0: Ball 1-0: Called Strike 1-1: SOLO HOME RUN (Flyball, 9LD, EV 92.5 MPH), Distance : 344 ft
|
Batting: RHB Oscar Higareda
|
0-0: Ball 1-0: Reached on error, E6 (Groundball, 6, EV 98.1 MPH)
|
Batting: RHB Mario Carbajal
|
0-0: Ball 1-0: Ground out 5-3 (Groundball, 5, EV 85.6 MPH)
|
Top of the 9th over - 1 run, 1 hit, 1 error, 1 left on base; Johnson City 10 - Danville 5 |
BOTTOM OF THE 9TH |
Danville Braves batting - Pitching for Johnson City Cardinals : RHP Joe Spencer
|
Pinch Hitting: RHB James Anderson
|
0-0: DOUBLE (Flyball, 8RD, EV 96.9 MPH)
|
Batting: RHB Danny Dimas
|
0-0: Ball Wild Pitch! James Anderson to third 1-0: Called Strike 1-1: Called Strike 1-2: Foul Ball, location: 2F 1-2: Strikes out swinging
|
Batting: RHB Vicente Guillen
|
0-0: Foul Ball, location: 2F 0-1: Swinging Strike 0-2: Strikes out swinging
|
Batting: RHB Paul Holland
|
0-0: Called Strike 0-1: Foul Ball, location: 2F 0-2: Ball 1-2: Strikes out swinging
|
Bottom of the 9th over - 0 runs, 1 hit, 0 errors, 1 left on base; Johnson City 10 - Danville 5 |
|